 Dungeon Crawl Stone Soup version 0.23.2-1-ga50397a6bc (webtiles) character file.

Game seed: 7029705597472993764

135463 Gargoyl the Quickloader (level 16, -2/141 HPs)
             Began as a Centaur Abyssal Knight on May 23, 2019.
             Was a Priest of Lugonu.
             Slain by an Executioner (12 damage)
             ... on level 1 of the Abyss on May 24, 2019.
             The game lasted 01:20:24 (38524 turns).

Gargoyl the Quickloader (Centaur Abyssal Knight)   Turns: 38524, Time: 01:20:25

Health: -2/141     AC: 20    Str: 21    XL:     16   Next: 64%
Magic:  21/23      EV: 16    Int: 15    God:    Lugonu [***...]
Gold:   2541       SH:  0    Dex: 13    Spells: 15/15 levels left

rFire    . . .     SeeInvis +   e - +12 hand crossbow "Qemoklew" {elec, Int+4 SInv}
rCold    . . .     Gourm    .   f - +5 shield
rNeg     . . .     Faith    .   n - +5 ring mail {MR+}
rPois    .         Spirit   .   G - +2 hat
rElec    .         Reflect  +   O - +2 cloak
rCorr    .         Harm     .   V - +1 pair of gloves
MR       ++...     Clarity  +   (no barding)
Stlth    ..........             r - +5 amulet of reflection
HPRegen  0.33/turn              y - +5 ring of dexterity
MPRegen  0.18/turn              v - +3 ring of evasion

@: confused, about to teleport, very quick
A: large, hooves 3, clarity, clumsy 1, deformed body, speed 2, low mp 1, tough
skin 3
a: Depart the Abyss, Bend Space, Banish, Renounce Religion


You were on level 1 of the Abyss.
You worshipped Lugonu.
Lugonu was most pleased with you.
You were not hungry.

You visited 5 branches of the dungeon, and saw 27 of its levels.
You visited the Abyss 3 times.

You collected 3188 gold pieces.
You spent 647 gold pieces at shops.

Inventory:

Hand Weapons
 a - a +7 hand axe of electrocution
 e - the +12 hand crossbow "Qemoklew" (weapon) {elec, Int+4 SInv}
   (You found it on level 2 of the Abyss)

   It charges the ammunition it shoots with electricity; occasionally upon a
   hit, such missiles may discharge and cause terrible harm.
   It affects your intelligence (+4).
   It lets you see invisible.
 I - the +6 hand crossbow of Integrity {flame, *Drain MR+++ Str-5 Stlth+}
   (You bought it in a shop on level 2 of the Orcish Mines)

   It causes projectiles fired from it to burn those they strike, causing extra
   injury to most foes and up to half again as much damage against particularly
   susceptible opponents.
   It affects your strength (-5).
   It affects your resistance to hostile enchantments.
   It causes draining when unequipped.
   It makes you more stealthy.
 P - a +0 hand crossbow of flaming
Missiles
 q - 53 bolts (quivered)
Armour
 f - a +5 shield (worn)
 n - a +5 ring mail of magic resistance (worn)
 G - a +2 hat (worn)
 O - a +2 cloak (worn)
 V - a +1 pair of gloves (worn)
Jewellery
 r - a +5 amulet of reflection (around neck)
 u - a cursed ring of wizardry {unknown}
 v - a +3 ring of evasion (right hand)
 y - a +5 ring of dexterity (left hand)
 K - an uncursed ring of protection from fire
 U - an uncursed ring of protection from fire
Wands
 o - a wand of flame (21)
 C - a wand of iceblast (10)
 F - a wand of acid (14)
 H - a wand of digging (16)
 M - a wand of disintegration (24)
 T - a wand of scattershot (2)
Scrolls
 d - 2 scrolls of identify
 h - a scroll of blinking
 k - 4 scrolls of teleportation
 x - 7 scrolls of magic mapping
 A - 3 scrolls of fear
 L - 11 scrolls of remove curse
 N - 2 scrolls of brand weapon
 R - 2 scrolls of fog
 X - a scroll of vulnerability
Potions
 b - 3 potions of haste
 g - 2 potions of cancellation
 i - 2 potions of berserk rage
 m - 4 potions of might
 p - 6 potions of agility
 s - 2 potions of ambrosia
 t - 2 potions of invisibility
 w - 4 potions of flight
 z - 4 potions of brilliance
 B - a potion of resistance
 D - 4 potions of lignification
Miscellaneous
 E - a lightning rod (4/4)
 Q - 2 boxes of beasts
Comestibles
 c - 35 rations
 j - 2 chunks of flesh


   Skills:
 + Level 12.6 Fighting
 + Level 7.5 Axes
 + Level 14.7 Crossbows
 * Level 9.8 Armour
 * Level 9.4 Dodging
 + Level 7.5 Shields
 * Level 13.7 Invocations
 + Level 0.8 Evocations


You had 15 spell levels left.
You didn't know any spells.
Your spell library contained the following spells:

 Spells                   Type           Power        Failure   Level  Hunger
 Freeze                   Ice            #...         50%         1    ##.....
 Magic Dart               Conj           #...         50%         1    ##.....
 Searing Ray              Conj           #.....       63%         2    ###....
 Throw Frost              Conj/Ice       #.....       63%         2    ###....
 Dazzling Spray           Conj/Hex       #.....       86%         3    ####...
 Ignite Poison            Fire/Tmut/Pois #.......     86%         3    ####...
 Ozocubu's Armour         Chrm/Ice       #.......     86%         3    ####...
 Force Lance              Conj/Tloc      #.......     99%         4    #####..
 Fulminant Prism          Conj/Hex       #.........   99%         4    #####..
 Iskenderun's Mystic Bla  Conj           #.......     99%         4    #####..
 Summon Ice Beast         Ice/Summ       #.......     99%         4    #####..
 Throw Icicle             Conj/Ice       #.......     99%         4    #####..
 Bolt of Magma            Conj/Fire/Erth #.........   100%        5    ######.
 Fireball                 Conj/Fire      #.........   100%        5    ######.
 Iskenderun's Battlesphe  Conj/Chrm      #.......     100%        5    ######.
 Venom Bolt               Conj/Pois      #.........   100%        5    ######.
 Bolt of Fire             Conj/Fire      #.........   100%        6    #######
 Iron Shot                Conj/Erth      #.........   100%        6    #######
 Orb of Destruction       Conj           #.........   100%        7    #######
 Ring of Flames           Chrm/Fire      #.........   100%        7    #######
 Spellforged Servitor     Conj/Summ      #.........   100%        7    #######
 Ignition                 Fire           #.........   100%        8    #######


Dungeon Overview and Level Annotations

Branches:
Dungeon (15/15)            Temple (0/1) D:7            Lair (6/6) D:10
 Shoals (3/4) Lair:4        Snake (0/4) Lair:3        Slime (0/5) Lair:6
    Orc (2/2) D:10            Elf (1/3) Orc:2        Vaults (0/5) D:14
 Depths (0/5) D:15

Altars:
Cheibriados
Hepliaklqana
Makhleb
Qazlal
Ru
Trog
Uskayaw
Vehumet
Xom
Zin
Beogh
Jiyva

Shops:
D:7 !   Orc:2 (((

Annotations:
Shoals:3 1 runed translucent door, Bai Suzhen; brittlin's ghost, adept TrWr


Innate Abilities, Weirdness & Mutations

You have hooves in place of feet.
Armour fits poorly on your strangely shaped body.
You cover ground very quickly.
You have extremely tough skin. (AC +3)
You possess an exceptional clarity of mind.
You are clumsy. (Dex -2)
Your magical capacity is low. (-10% MP)


Message History

The Executioner gestures at you. You resist with almost no effort.
You block the Executioner's attack. The Executioner completely misses you.
You block the Executioner's attack. You block the Executioner's attack.
The Executioner hits you but does no damage. x2
You are confused.
You feel invigorated.
The Executioner hits you but does no damage.
The Executioner misses you.
The Executioner hits you but does no damage.
The Executioner gestures at you. You resist with almost no effort.
The Executioner hits you but does no damage.
The Executioner misses you. The Executioner hits you!
* * * LOW HITPOINT WARNING * * *
You're too confused to move!
The Executioner barely misses you. The Executioner closely misses you.
The Executioner hits you but does no damage.
The Executioner hits you!
You die...

≈.≈ ≈.)≈≈........ ..
..≈≈≈...≈≈.≈....# #..
. ≈ .≈.≈≈≈......##...
$..≈≈...≈≈≈.≈≈(....#
..≈ ≈≈≈≈≈.≈≈≈≈......
..≈..≈≈≈≈≈..≈≈...#
≈≈..≈≈≈≈≈≈≈≈≈≈.≈# .
...≈≈.≈..≈1@≈.#
..###.≈≈(≈≈≈≈.≈....#
#.≈.≈≈≈.≈≈≈..##.#
..≈≈.≈≈.(≈........
...≈≈≈≈.≈.((≈≈#...#
.≈.≈≈..≈≈≈≈≈≈≈(..#..#
.≈≈≈≈..≈≈≈≈.≈≈(..#.#.
..≈...≈..≈.#≈≈#.## #


You could see an Executioner.

Vanquished Creatures
  Saint Roka (Orc:1)
  Rupert (D:11)
  A lich (Abyss:1)
  Jorgrun (Orc:1)
  Gastronok (Orc:1)
  The ghost of brittlin the Grappler, a journeyman TrWr of Okawaru (D:13)
  The ghost of Foic the Imperceptible, an adept VSAs of Dithmenos (D:14)
  The ghost of prestonbroadus the Champion of Chaos, a journeyman DDFi of Makhleb (Orc:1)
  The ghost of Gargoyl the Corrupter of Planes, a journeyman CeAK of Lugonu (D:12)
  The ghost of Valentain the Messiah, a journeyman HOFE of Beogh (D:13)
  Snorg (Orc:1)
  An ettin (Orc:1)
  A yaktaur captain (D:13)
  A fire dragon (D:15)
  Josephine (D:10)
  2 merfolk impalers
  7 hydras
  Erolcha (Orc:1)
  A catoblepas (Lair:2)
  A merfolk avatar (Lair:6)
  2 merfolk aquamancers
  9 two-headed ogres
  3 dancing weapons
  A deep troll earth mage (D:13)
  A tengu warrior (D:13)
  2 orc high priests (Orc:2)
  5 skeletal warriors (D:12)
  A hell knight (D:12)
  A wretched star (Abyss:1)
  4 sea snakes
  4 unseen horrors
  11 harpies
  An orange crystal statue (D:14)
  2 orc knights
  An oklob plant (Lair:6)
  A necromancer (D:15)
  4 cyclopes
  5 orc sorcerers
  8 manticores
  3 deep elf magi
  9 fauns
  A worldbinder (Abyss:1)
  3 ugly things
  4 merfolk sirens
  A moth of wrath (Orc:1)
  7 elephants (Lair:6)
  A naga mage (D:15)
  3 torpor snails
  2 black mambas
  11 spiny frogs
  A gargoyle (D:11)
  2 water nymphs
  7 rime drakes
  A freezing wraith (D:13)
  13 komodo dragons
  2 efreet
  A merfolk (shapeshifter) (D:15)
  12 trolls
  9 merfolk
  6 hornets
  A meliai (D:14)
  A wind drake (Lair:6)
  A tengu conjurer (D:15)
  4 polar bears
  14 hippogriffs
  4 blink frogs
  4 snapping turtles
  15 dream sheep
  3 shadows
  8 water elementals
  A small abomination (Abyss:1)
  3 centaur simulacra (D:15)
  A yak (shapeshifter) (D:13)
  6 wraiths
  2 wyverns
  A basilisk (Lair:5)
  5 hungry ghosts
  54 yaks
  A basilisk (shapeshifter) (D:13)
  Menkaure (D:5)
  Edmund (D:6)
  6 vampire mosquitoes
  A warg (Orc:1)
  9 water moccasins
  2 large abominations (Abyss:1)
  8 porcupines
  6 ice beasts
  43 orc warriors
  5 sky beasts
  5 black bears
  2 phantoms (D:6)
  An eye of draining (D:15)
  17 ogres
  6 centaurs
  2 wolves
  2 big kobolds
  28 crocodiles
  17 bullfrogs
  A gnoll sergeant (D:5)
  A wyvern skeleton (D:14)
  12 killer bees
  5 scorpions
  4 electric eels
  7 wights
  3 howler monkeys
  5 crimson imps
  3 centaur zombies
  A quasit (D:10)
  14 hounds
  25 orc priests
  A bullfrog zombie (D:13)
  A bullfrog skeleton (D:12)
  Crazy Yiuf (D:7)
  4 centaur skeletons
  4 jellies
  35 orc wizards
  9 iguanas
  7 worker ants
  2 worker ant zombies (D:6)
  19 gnolls
  A howler monkey zombie (D:5)
  20 adders
  5 shadow imps
  2 oozes
  An adder skeleton (D:4)
  2 worms
  5 dart slugs
  12 leopard geckos
  114 orcs
  A ball python (D:3)
  6 bats
  3 giant cockroaches
  4 goblins
  4 hobgoblins
  9 jackals
  19 kobolds
  6 quokkas
  14 frilled lizards
  3 jackal skeletons
  A leopard gecko zombie (D:7)
  A quokka skeleton (D:4)
  A quokka zombie (D:8)
  8 rats
  A bush (Lair:6)
  3 fungi
  4 plants
897 creatures vanquished.

Vanquished Creatures (others)
  2 hydras
  A satyr (Shoals:3)
  An orc knight (Orc:1)
  2 fauns
  3 manticores
  2 cyclopes (Shoals:3)
  A yaktaur (D:13)
  2 meliai (D:14)
  3 merfolk
  A snapping turtle (Shoals:3)
  A centaur simulacrum (D:13)
  A yak (Lair:2)
  An orc warrior (Orc:2)
  3 centaurs
  An orc (D:6)
  A bush (Lair:6)
  15 fungi
  19 plants
60 creatures vanquished.

Grand Total: 957 creatures vanquished

Notes
Turn   | Place    | Note
-------+----------+-------------------------------------------
     0 | Abyss:1  | Gargoyl the Centaur Abyssal Knight began the quest for the
                  | Orb.
     0 | Abyss:1  | Reached XP level 1. HP: 19/19 MP: 2/2
   135 | Abyss:1  | Noticed a bone dragon
   135 | Abyss:1  | Noticed a ynoxinul
   168 | Abyss:1  | Noticed a small abomination
   202 | Abyss:1  | Noticed a cacodemon
   211 | Abyss:1  | Gained mutation: Scrolls take you a little longer to read.
                  | [a cacodemon]
   212 | Abyss:1  | Noticed a large abomination
   213 | Abyss:1  | Noticed a quasit
   216 | Abyss:1  | Noticed a tentacled starspawn
   217 | Abyss:1  | Noticed a large abomination
   266 | Abyss:1  | Noticed an orange demon
   266 | Abyss:1  | Noticed a large abomination
   285 | Abyss:1  | Noticed a ynoxinul
   287 | Abyss:1  | Noticed a small abomination
   298 | Abyss:1  | Noticed a hell hog
   298 | Abyss:1  | Noticed a large abomination
   326 | Abyss:1  | Noticed a large abomination
   330 | Abyss:1  | Noticed a wretched star
   339 | Abyss:1  | Noticed a ynoxinul
   641 | Abyss:2  | Found a corrupted altar of Lugonu.
   659 | Abyss:2  | Got a pitted hand crossbow
   728 | Abyss:2  | Noticed a raiju
   729 | D:1      | Escaped the Abyss
   732 | D:1      | Identified the +12 hand crossbow "Qemoklew" {elec, Int+4
                  | SInv} (You found it on level 2 of the Abyss)
   897 | D:1      | Reached * piety under Lugonu
  1066 | D:1      | Reached XP level 2. HP: 25/26 MP: 3/3
  1544 | D:1      | Reached skill level 1 in Dodging
  1544 | D:1      | Reached XP level 3. HP: 23/31 MP: 4/4
  2235 | D:2      | Found a stormy altar of Qazlal.
  2260 | D:2      | Reached ** piety under Lugonu
  2391 | D:2      | Reached XP level 4. HP: 35/38 MP: 5/5
  3576 | D:2      | Reached XP level 5. HP: 45/45 MP: 7/7
  3818 | D:3      | Found a snail-covered altar of Cheibriados.
  4047 | D:3      | Found a radiant altar of Vehumet.
  4192 | D:3      | Found a burning altar of Makhleb.
  4194 | D:3      | Found a glowing silver altar of Zin.
  4345 | D:4      | Reached skill level 1 in Crossbows
  4413 | D:4      | Reached *** piety under Lugonu
  4413 | D:4      | Reached XP level 6. HP: 49/52 MP: 8/8
  4605 | D:4      | Reached skill level 2 in Crossbows
  4661 | D:4      | Reached skill level 3 in Crossbows
  4894 | D:5      | Entered Level 5 of the Dungeon
  4901 | D:5      | Reached XP level 7. HP: 58/58 MP: 9/9
  4914 | D:5      | Reached skill level 4 in Crossbows
  5093 | D:5      | Reached skill level 5 in Crossbows
  5284 | D:5      | Reached XP level 8. HP: 66/66 MP: 10/10
  5497 | D:5      | Noticed Menkaure
  5499 | D:5      | Killed Menkaure
  5745 | D:6      | Reached skill level 6 in Crossbows
  5771 | D:6      | Reached **** piety under Lugonu
  5904 | D:6      | Noticed Edmund
  5913 | D:6      | Killed Edmund
  6004 | D:6      | Reached skill level 7 in Crossbows
  6120 | D:6      | Reached skill level 5 in Fighting
  6120 | D:6      | Reached XP level 9. HP: 74/74 MP: 12/12
  6258 | D:6      | Reached skill level 5 in Invocations
  6400 | D:6      | Found a bloodstained altar of Trog.
  6602 | D:7      | Found a hazy altar of Hepliaklqana.
  6813 | D:7      | Reached skill level 8 in Crossbows
  6839 | D:7      | Found Xiwetexu's Distillery.
  7024 | D:7      | Found a staircase to the Ecumenical Temple.
  7590 | D:7      | Found a runed translucent door.
  7591 | D:7      | Noticed Crazy Yiuf
  7607 | D:7      | Killed Crazy Yiuf
  8057 | D:8      | Reached ***** piety under Lugonu
  8058 | D:8      | Reached skill level 5 in Armour
  8121 | D:8      | Reached skill level 1 in Shields
  8127 | D:8      | Reached skill level 9 in Crossbows
  8136 | D:8      | Reached XP level 10. HP: 83/83 MP: 14/14
  8573 | D:8      | Found a sacrificial altar of Ru.
  9016 | D:9      | Reached skill level 10 in Crossbows
  9254 | D:9      | Found a hazy altar of Hepliaklqana.
  9584 | D:10     | Entered Level 10 of the Dungeon
  9589 | D:10     | Found the +3 salamander hide armour {+Rage rF++}
  9757 | D:10     | Found a staircase to the Lair.
  9827 | D:10     | Found a hide-covered altar of Uskayaw.
  9885 | D:10     | Noticed a two-headed ogre
  9905 | D:10     | Noticed Josephine
  9906 | D:10     | Killed a two-headed ogre
  9906 | D:10     | Reached XP level 11. HP: 92/92 MP: 16/16
 10064 | D:10     | Reached skill level 5 in Dodging
 10069 | D:10     | Reached ****** piety under Lugonu
 10087 | D:10     | Found a staircase to the Orcish Mines.
 10215 | D:10     | Found a sacrificial altar of Ru.
 10268 | D:10     | Noticed a two-headed ogre
 10273 | D:10     | Killed a two-headed ogre
 10273 | D:10     | Reached skill level 11 in Crossbows
 10370 | D:10     | Killed Josephine
 10682 | D:11     | Noticed a four-headed hydra
 10701 | D:11     | Banished a four-headed hydra
 11158 | D:11     | Noticed an unseen horror
 11160 | D:11     | Killed an unseen horror
 11803 | Lair:1   | Entered Level 1 of the Lair of Beasts
 11945 | Lair:1   | Reached XP level 12. HP: 103/103 MP: 18/18
 12757 | Lair:2   | Noticed a seven-headed hydra
 12761 | Lair:2   | Killed a seven-headed hydra
 12772 | Lair:2   | Noticed a catoblepas
 12801 | Lair:2   | Killed a catoblepas
 12801 | Lair:2   | Reached skill level 12 in Crossbows
 12898 | Lair:2   | Noticed a six-headed hydra
 12917 | Lair:2   | Killed a six-headed hydra
 13000 | Lair:2   | Found a snail-covered altar of Cheibriados.
 13760 | Lair:3   | Found a staircase to the Snake Pit.
 14007 | Lair:4   | Noticed a seven-headed hydra
 14012 | Lair:4   | Killed a seven-headed hydra
 14392 | Lair:4   | Reached skill level 10 in Fighting
 14482 | Lair:4   | Reached XP level 13. HP: 113/113 MP: 20/20
 14920 | Lair:4   | Found a staircase to the Shoals.
 15046 | Lair:4   | Reached skill level 10 in Invocations
 17026 | Lair:6   | Entered Level 6 of the Lair of Beasts
 17034 | Lair:6   | Reached skill level 5 in Axes
 18574 | Lair:6   | Paralysed by a hornet for 2 turns
 19490 | Lair:6   | Reached XP level 14. HP: 93/122 MP: 22/22
 19551 | Lair:6   | Reached skill level 5 in Shields
 20086 | Lair:6   | Found the +3 giant club "Skullcrusher" {speed, Str+7}
 20572 | Lair:6   | Found a viscous altar of Jiyva.
 20573 | Lair:6   | Found a staircase to the Slime Pits.
 21023 | D:12     | Noticed Rupert
 21064 | D:11     | Paralysed by Rupert for 4 turns
 21081 | D:11     | Killed Rupert
 21081 | D:11     | Reached skill level 13 in Crossbows
 22445 | D:13     | Found a runed translucent gate.
 22445 | D:13     | Found a runed translucent gate.
 22445 | D:13     | Found a runed translucent gate.
 22445 | D:13     | Noticed Valentain's ghost (journeyman HOFE)
 22445 | D:13     | Noticed brittlin's ghost (journeyman TrWr)
 22445 | D:13     | Noticed Gargoyl's ghost (journeyman CeAK)
 23516 | D:13     | Noticed a frost giant
 23519 | D:13     | Banished a frost giant
 23598 | D:13     | Identified the +8 mace of the Unseen Realm {chaos, rF+ MR+
                  | Dex+4}
 24209 | D:13     | Found a shimmering altar of Xom.
 25222 | D:13     | Found a glowing silver altar of Zin.
 25903 | D:12     | Killed Gargoyl's ghost
 26260 | D:13     | Killed Valentain's ghost
 26260 | D:13     | Reached XP level 15. HP: 117/130 MP: 23/23
 26523 | D:13     | Killed brittlin's ghost
 27028 | D:14     | Paralysed by a hornet for 1 turns
 27236 | D:14     | Found a runed translucent gate.
 27237 | D:14     | Found a runed translucent gate.
 27238 | D:14     | Found a runed translucent gate.
 27238 | D:14     | Noticed Foic's ghost (adept VSAs)
 27332 | D:14     | Killed Foic's ghost
 27789 | D:14     | Found a gate to the Vaults.
 28656 | D:15     | Entered Level 15 of the Dungeon
 29339 | D:15     | Found a staircase to the Depths.
 30055 | Orc:1    | Entered Level 1 of the Orcish Mines
 30251 | Orc:2    | Entered Level 2 of the Orcish Mines
 30251 | Orc:2    | Noticed Snorg
 30313 | Orc:1    | Killed Snorg
 30591 | Orc:1    | Found a transporter.
 30614 | Orc:1    | Noticed prestonbroadus's ghost (journeyman DDFi)
 30634 | Orc:1    | Identified the +1 double sword of Vanity {elec, Str+3
                  | Dex+3}
 30651 | Orc:1    | Noticed Jorgrun
 30681 | Orc:1    | Found a transporter.
 30691 | Orc:1    | Killed Jorgrun
 30857 | Orc:1    | Identified the +7 hand crossbow "Kifuudu" {flame, rF+ rC+
                  | rN+}
 30870 | Orc:1    | Noticed Gastronok
 30917 | Orc:1    | Killed Gastronok
 31139 | Orc:1    | Found a bloodstained altar of Trog.
 31421 | Orc:1    | Reached skill level 14 in Crossbows
 31620 | Orc:1    | Killed prestonbroadus's ghost
 31997 | Orc:1    | Noticed Erolcha
 32000 | Orc:1    | Killed Erolcha
 32183 | Orc:2    | Found a staircase to the Elven Halls.
 32317 | Orc:2    | Found a roughly hewn altar of Beogh.
 32376 | Orc:2    | Found a roughly hewn altar of Beogh.
 32392 | Orc:2    | Found Nuf Rank's Weapon Boutique.
 32493 | Orc:2    | Noticed Saint Roka
 32983 | Orc:1    | Killed Saint Roka
 33352 | Orc:2    | Found Womitt's Antique Armour Boutique.
 33354 | Orc:2    | Found a roughly hewn altar of Beogh.
 33360 | Orc:2    | Found Gaaro's Antique Weapon Shop.
 33455 | Orc:2    | Found a roughly hewn altar of Beogh.
 33526 | Orc:2    | Found a roughly hewn altar of Beogh.
 33539 | Orc:2    | Found Pywudd's Weapon Boutique.
 33553 | Orc:2    | Bought the +6 hand crossbow of Integrity {flame, *Drain
                  | MR+++ Str-5 Stlth+} for 535 gold pieces
 33730 | Orc:2    | Found a roughly hewn altar of Beogh.
 33777 | Elf:1    | Entered Level 1 of the Elven Halls
 33870 | Orc:2    | Reached XP level 16. HP: 139/139 MP: 25/25
 34412 | Shoals:1 | Entered Level 1 of the Shoals
 34955 | Shoals:1 | Lost mutation: Scrolls take you a little longer to read.
                  | [potion of mutation]
 34955 | Shoals:1 | Gained mutation: You are occasionally teleported next to
                  | monsters. [potion of mutation]
 34955 | Shoals:1 | Gained mutation: You are partially covered in thin metallic
                  | scales. (AC +2) [potion of mutation]
 34955 | Shoals:1 | Gained mutation: You are frail. (-10% HP) [potion of
                  | mutation]
 34955 | Shoals:1 | Gained mutation: You have an increased reservoir of magic.
                  | (+10% MP) [potion of mutation]
 35159 | D:7      | Bought a potion of mutation for 112 gold pieces
 35160 | D:7      | Lost mutation: You are frail. (-10% HP) [potion of
                  | mutation]
 35160 | D:7      | Lost mutation: You are partially covered in thin metallic
                  | scales. (AC +2) [potion of mutation]
 35160 | D:7      | Lost mutation: You are occasionally teleported next to
                  | monsters. [potion of mutation]
 35160 | D:7      | Lost mutation: You have an increased reservoir of magic.
                  | (+10% MP) [potion of mutation]
 35160 | D:7      | Gained mutation: You are clumsy. (Dex -2) [potion of
                  | mutation]
 35160 | D:7      | Gained mutation: Your magical capacity is low. (-10% MP)
                  | [potion of mutation]
 35160 | D:7      | Gained mutation: You possess an exceptional clarity of
                  | mind. [potion of mutation]
 37843 | Abyss:1  | HP: 3/141 [frost giant/+2 battleaxe of freezing (12)]
 37845 | Shoals:3 | Escaped the Abyss
 37850 | Shoals:3 | Found a runed translucent door.
 37850 | Shoals:3 | Found a shimmering altar of Xom.
 37946 | Shoals:3 | Noticed brittlin's ghost (adept TrWr)
 38236 | Shoals:3 | Identified the cursed +1 dire flail of Imminent Death
                  | {chaos, rElec}
 38457 | Shoals:3 | Noticed Bai Suzhen
 38501 | Abyss:1  | Noticed a lich
 38511 | Abyss:1  | Killed a lich
 38514 | Abyss:1  | Noticed an Executioner
 38521 | Abyss:1  | HP: 7/141 [Executioner (15)]
 38524 | Abyss:1  | Slain by an Executioner

Skill      XL: |  1  2  3  4  5  6  7  8  9 10 11 12 13 14 15 16 |
---------------+-------------------------------------------------+-----
Axes           | 2 3 5 7 |  7.5
Dodging        | 1 2 3 4 5 6 7 8 9 |  9.4
Armour         | 2 3 4 5 6 7 8 9 |  9.8
Invocations    | 3 4 6 7 8 9 10 11 12 13 | 13.7
Crossbows      | 1 3 5 7 9 10 11 12 13 14 | 14.7
Fighting       | 4 5 7 8 10 11 12 | 12.6
Shields        | 1 2 3 4 6 7 |  7.5
Evocations     | |  0.8

Action                   |  1- 3 |  4- 6 |  7- 9 | 10-12 | 13-15 | 16-18 || total
-------------------------+-------+-------+-------+-------+-------+-------++-------
Melee: Hand axe          |   121 |    45 |       |    27 |   535 |    32 ||   760
       Kick              |    18 |     5 |       |     7 |   197 |    10 ||   237
 Fire: Hand crossbow     |       |    67 |   217 |   574 |   954 |   282 ||  2094
Invok: Depart the Abyss  |     1 |       |       |       |       |     1 ||     2
       Banish            |       |       |       |     1 |     6 |     9 ||    16
       Enter the Abyss   |       |       |       |       |       |     2 ||     2
       Bend Space        |       |       |       |       |       |     1 ||     1
Evoke: Wand              |       |       |       |       |    16 |       ||    16
  Use: Scroll            |     8 |     6 |     9 |    12 |    18 |    10 ||    63
       Potion            |     2 |       |       |       |     7 |    10 ||    19
  Eat: Chunk             |     3 |     3 |     8 |    16 |    31 |    11 ||    72
       Ration            |       |     1 |       |       |     7 |     2 ||    10
Armor: Leather armour    |     8 |       |       |       |       |       ||     8
       Ring mail         |    67 |    26 |     9 |    32 |   199 |    54 ||   387
Dodge: Dodged            |    78 |    27 |     6 |    47 |   239 |    98 ||   495
Block: Shield            |       |     6 |    27 |    85 |   719 |   249 ||  1086
       Reflection        |       |       |     4 |     7 |    53 |    54 ||   118
